 Dungeon Crawl Stone Soup version 0.22-a0-294-ge3b9353 (webtiles) character file.

166 JeffiDaFish the Digger (level 5, -5/28 HPs)
             Began as a Gargoyle Earth Elementalist on Mar 25, 2018.
             Slain by ryw's ghost (7 damage)
             ... on level 3 of the Dungeon.
             The game lasted 00:07:05 (2893 turns).

JeffiDaFish the Digger (GrEE)                       Turns: 2893, Time: 00:07:06

Health: -5/28      AC: 10    Str: 11 (12) XL:     5   Next: 47%
Magic:  0/10       EV: 12    Int: 15 (16) God:
Gold:   179        SH:  0    Dex:  9 (10) Spells: 7/11 levels left

rFire    . . .     SeeInvis +   m - +1 morningstar
rCold    . . .     Gourm    .   (no shield)
rNeg     + . .     Faith    .   n - +0 robe
rPois    ∞         Spirit   .   f - +2 helmet {SInv}
rElec    +         Reflect  .   (no cloak)
rCorr    .         Harm     .   (no gloves)
MR       .....                  i - +0 pair of boots (curse)
Stlth    ++........             (no amulet)
HPRegen  0.09/turn              (no ring)
MPRegen  0.12/turn              (no ring)

@: no status effects
A: negative energy resistance 1, electricity resistance, unbreathing,
petrification resistance, rot immunity, AC +4
a: no special abilities


You were on level 3 of the Dungeon.
You were hungry.

You visited 1 branch of the dungeon, and saw 3 of its levels.

You collected 179 gold pieces.

Inventory:

Hand Weapons
 m - a +1 morningstar (weapon)
Missiles
 b - 30 stones (quivered)
Armour
 f - a +2 helmet of see invisible (worn)
 i - a cursed +0 pair of boots (worn)
 n - a +0 robe (worn)
Scrolls
 e - 3 scrolls of amnesia
 g - 2 scrolls of enchant armour
 h - a scroll of identify
 l - 2 scrolls of remove curse
Potions
 c - a potion of curing
Comestibles
 a - 3 chunks of flesh
 d - 4 rations


   Skills:
 - Level 1.5 Dodging
 - Level 2.1 Stealth
 * Level 3.6 Spellcasting
 + Level 1.5 Conjurations
   Level 0.7 Transmutations
 * Level 5.5 Earth Magic


You had 7 spell levels left.
You knew the following spells:

 Your Spells              Type           Power        Failure   Level  Hunger
a - Sandblast             Erth           ###...       1%          1    None
b - Stone Arrow           Conj/Erth      ##....       13%         3    ###....


Dungeon Overview and Level Annotations

Branches:
Dungeon (3/15)

Altars:
Wu Jian

Annotations:
D:3 ryw's ghost, amateur DsFi


Innate Abilities, Weirdness & Mutations

You are resistant to torment.
Your stone body is resilient. (AC +4)
You are immune to poison.
You resist negative energy. (rN+)
You are resistant to electric shocks. (rElec)
You can survive without breathing.
You are immune to petrification.
You are immune to rotting.


Message History

Ryw's ghost hits you!
* * * LOW HITPOINT WARNING * * *
Casting: Sandblast (safe; 1% risk of failure)
Confirm with . or Enter, or press ? or * to list all spells.
Aiming: Sandblast (safe; 1% risk of failure)
Press: ? - help, Shift-Dir - straight line, f/p - ryw's ghost
Aim: ryw's ghost (heavily damaged)
The blast of sand hits ryw's ghost.
Ryw's ghost is severely damaged.
b - 31 stones A rat comes into view.
Casting: Sandblast (safe; 1% risk of failure)
Confirm with . or Enter, or press ? or * to list all spells.
Aiming: Sandblast (safe; 1% risk of failure)
Press: ? - help, Shift-Dir - straight line, f/p - ryw's ghost
Aim: ryw's ghost (severely damaged)
The blast of sand misses ryw's ghost.
b - 30 stones Ryw's ghost hits you!
You die...

#.......#####.....####....#
).................##......#
................r.##......#######
.#..............))##.........)..<
.##.....#..............#......###
. #................[...#......#
.........#######.......#......#
#........#....................#
#.....####......@.....#.......#
#.###.####.....W.#.####.....###
.........................># .
#.####...##......#.....#.### #.#
###.##......#.....#...#
#.######.##......#.....###.#
#..#......#............# #.#
#..#......##.....####.## #.#
.####..#......##.....####.####.#


You could see ryw's ghost and a rat.

Vanquished Creatures
  A hound (D:2)
  An orc wizard (D:3)
  An adder (D:2)
  3 oozes
  2 worms (D:2)
  4 dart slugs
  A leopard gecko (D:2)
  2 orcs (D:3)
  9 bats
  7 giant cockroaches
  8 goblins
  10 hobgoblins
  6 frilled lizards
  3 kobolds
  12 rats
70 creatures vanquished.

Vanquished Creatures (others)
  4 toadstools (D:1)
4 creatures vanquished.

Grand Total: 74 creatures vanquished

Notes
Turn   | Place    | Note
-------+----------+-------------------------------------------
     0 | D:1      | JeffiDaFish the Gargoyle Earth Elementalist began the quest for the Orb.
     0 | D:1      | Reached XP level 1. HP: 10/10 MP: 3/3
   351 | D:1      | Reached XP level 2. HP: 15/15 MP: 3/5
   378 | D:1      | Reached skill level 4 in Earth Magic
   730 | D:1      | Reached XP level 3. HP: 17/19 MP: 6/6
   738 | D:1      | Learned a level 3 spell: Stone Arrow
  1416 | D:2      | Reached XP level 4. HP: 16/24 MP: 1/8
  1888 | D:2      | Reached skill level 1 in Conjurations
  1888 | D:2      | Reached skill level 5 in Earth Magic
  2027 | D:2      | Found an ornate altar of the Wu Jian Council.
  2173 | D:3      | Reached XP level 5. HP: 28/28 MP: 0/10
  2460 | D:3      | Noticed ryw's ghost (amateur DsFi)
  2882 | D:3      | HP: 1/28 [ryw's ghost (9)]
  2893 | D:3      | Slain by ryw's ghost

Vault maps used:
D:1:      ldierk_water_garden
D:2:      lemuel_doored_altar
D:3:      zin_angel

Skill      XL: |  1  2  3  4 |
---------------+-------------+-----
Earth Magic    | 4 5 |  5.5
Spellcasting   | 3 |  3.6
Conjurations   | 1 |  1.5
Dodging        | |  1.5
Stealth        | |  2.1
Transmutations | |  0.7

Action                   |  1- 3 |  4- 6 || total
-------------------------+-------+-------++-------
Melee: Unarmed           |    19 |       ||    19
       Short sword       |    75 |    31 ||   106
       Mace              |       |    28 ||    28
       Morningstar       |       |    13 ||    13
 Cast: Sandblast         |    22 |    18 ||    40
       Stone Arrow       |     2 |    15 ||    17
  Use: Potion            |     3 |     3 ||     6
       Scroll            |     4 |     3 ||     7
 Stab: Sleeping          |     1 |     3 ||     4
  Eat: Chunk             |     2 |     6 ||     8
Armor: Robe              |    56 |    27 ||    83
Dodge: Dodged            |    95 |    67 ||   162

Table legend:
 A = Spawn XP
 B = Non-spawn XP
 C = Spawn XP percentage of total XP
 D = Spawn monster count
 E = Non-spawn monster count
 F = Spawn count percentage of total count
 G = Total turns spent on level
                    A         B        C        D         E        F      G
               +---------+---------+-------+---------+---------+-------+---------
         Total |       0 |     238 |   0.0 |       0 |      70 |   0.0 |  2893
               +---------+---------+-------+---------+---------+-------+---------
           D:1 |       0 |      55 |   0.0 |       0 |      25 |   0.0 |  1231
           D:2 |       0 |     107 |   0.0 |       0 |      29 |   0.0 |   931
           D:3 |       0 |      76 |   0.0 |       0 |      16 |   0.0 |   731
               +---------+---------+-------+---------+---------+-------+---------
